 Dungeon Crawl Stone Soup version 0.31-a0-188-g5e087ee2ca (webtiles) character file.

Game seed: 16980185289604679388

448 Morbidden the Conjurer (level 6, -1/44 HPs)
             Began as a Demonspawn Conjurer on June 23, 2023.
             Killed by nerve-wracking pain
             ... invoked by an orc priest
              (10 damage)
             ... on level 7 of the Dungeon.
             The game lasted 00:03:13 (3482 turns).

Morbidden the Conjurer (Demonspawn Conjurer)        Turns: 3482, Time: 00:03:14

Health: -1/44      AC:  6    Str:  7    XL:     6   Next: 73%
Magic:  1/20       EV: 12    Int: 21    God:
Gold:   235        SH:  0    Dex: 12    Spells: 5/12 levels left

rFire   . . .        a - +0 dagger (speed)
rCold   . . .        (no shield)
rNeg    . . .        i - +0 robe
rPois   .            (no helmet)
rElec   .            (no cloak)
rCorr   .            (no gloves)
SInv    .            (no boots)
Will    .....        v - amulet of regeneration
Stlth   ++           d - +4 ring of protection
HPRegen 1.07/turn    m - ring of magical power
MPRegen 0.17/turn

%: no passive effects
@: mighty, very slightly contaminated
A: foul stench 1, spiny 1, demonic touch 2
a: no special abilities


You were on level 7 of the Dungeon.
You visited 1 branch of the dungeon, and saw 5 of its levels.

You collected 235 gold pieces.

Inventory:

Hand Weapons
 a - a +0 dagger of speed (weapon)
 b - a +0 short sword of venom
Missiles
 n - 5 boomerangs
 y - 4 curare-tipped darts
Armour
 i - a +0 robe (worn)
 q - an orb of energy
Jewellery
 d - a +4 ring of protection (left hand)
 m - a ring of magical power (right hand)
 v - an amulet of regeneration (around neck)
 A - a ring of magical power
Wands
 t - a wand of polymorph (7)
Scrolls
 c - 4 scrolls of identify {unknown}
 f - 3 scrolls of noise {unknown}
 g - a scroll of revelation {unknown}
 h - 2 scrolls of enchant weapon {unknown}
 j - a scroll of teleportation {unknown}
 r - a scroll of silence {unknown}
 s - a scroll of vulnerability {unknown}
 x - a scroll of torment {unknown}
 z - 3 scrolls of fear {unknown}
Potions
 e - 2 potions of curing
 k - a potion of magic
 l - 4 potions of might
 o - 2 potions of mutation {unknown}
 p - 2 potions of brilliance {unknown}
 u - 2 potions of enlightenment {unknown}
 w - a potion of lignification {unknown}


   Skills:
 * Level 2.2 Fighting
 * Level 1.8 Short Blades
 * Level 1.7 Armour
 * Level 2.3 Dodging
 + Level 2.2 Stealth
 + Level 0.1 Unarmed Combat
 * Level 3.7 Spellcasting
 * Level 5.5 Conjurations


You had 5 spell levels left.
You knew the following spells:

 Your Spells              Type           Power      Damage    Failure   Level
a - Magic Dart            Conj           100%       1d8       1%          1
b - Searing Ray           Conj           54%        2d6       1%          2
z - Iskenderun's Mystic   Conj/Tloc      15%        2d5       36%         4

Your spell library contained the following spells:

 Spells                   Type           Power      Damage    Failure   Level
 Momentum Strike          Conj/Tloc      30%        3d8       6%          2
 Dazzling Flash           Conj/Hex       30%        N/A       12%         3
 Blink                    Tloc           6%         N/A       19%         2
 Lesser Beckoning         Tloc           6%         N/A       19%         2
 Vhi's Electric Charge    Tloc/Air       6%         N/A       36%         3
 Fulminant Prism          Conj/Hex       7%         3d7       36%         4
 Arcjolt                  Conj/Air       7%         1d17      73%         5
 Plasma Beam              Fire/Air       1%         2x1d11    100%        6


Dungeon Overview and Level Annotations

Branches:
Dungeon (4/15)
 Temple: D:4-7

Altars:

Annotations:
D:4 1 runed translucent door, ciphuk's ghost, amateur OpTm


Innate Abilities, Weirdness & Mutations

You may rarely emit foul miasma when damaged in melee.
You are partially covered in sharp spines.
Your touch may inflict irresistible damage on your foes.


Message History

Beogh smites you!
Unknown command.
Unknown command.
The orc priest miscasts a cantrip.
Unknown command.
Casting: Searing Ray (safe; 1% risk of failure)
Confirm with . or Enter, or press ? or * to list all spells.
Aiming: Searing Ray (safe; 1% risk of failure)
Press: ? - help, Shift-Dir - straight line, f/p - orc priest
Aim: an orc priest, wielding a +0 trident and wearing a +0 chain mail (85% to hit)
The searing ray hits the orc priest but does no damage.
The searing ray hits the orc priest.
The orc priest is heavily wounded.
The searing ray hits the orc.
The orc is moderately wounded. (Press . to maintain the ray.)
The orc priest looks braver for a moment.
Unknown command.
Unknown command.
The searing ray hits the orc priest!
The orc priest is heavily wounded.
The searing ray misses the orc priest.
The searing ray hits the orc.
You kill the orc!
The orc priest calls down the wrath of Beogh upon you.
Beogh smites you!
* * * LOW HITPOINT WARNING * * *
An orc comes into view. It is wielding a +0 flail.
Unknown command.
Unknown command.
Unknown command.
Unknown command.
The searing ray hits the orc priest.
The orc priest is almost dead.
The searing ray hits the orc priest.
The orc priest is heavily wounded.
The searing ray misses the orc.
The orc shouts!
The orc priest invokes the aid of Beogh against you.
Pain shoots through your body!
You die...

#.##...## #.# #.#.....###
#D#.# .# #.#.......##
#o#....###.#........#
#g#....##..#........#
#.#..#.##....(.......
#.##...##..#.........
..#.###D###..##.##.........
......ooo†@..##.###........
...o######......# #........
. #......# ##.......
##.....#####......
.##................
.........######.....
.....##....# ##.... ..###
##...# ##... . ##..# ##..


You could see a steam dragon, 2 orc priests and 2 orcs.

Vanquished Creatures
  An orc warrior (D:7)
  A bullfrog (D:7)
  A jelly (D:2)
  Jessica (D:2)
  2 iguanas
  2 orc wizards (D:3)
  A gnoll (D:7)
  3 adders
  2 worms
  A dart slug (D:4)
  7 orcs
  2 bats (D:2)
  13 endoplasms
  5 giant cockroaches
  6 goblins
  4 hobgoblins
  2 jackals (D:3)
  10 kobolds
  4 quokkas
  5 ball pythons
  6 frilled lizards
  5 rats
84 creatures vanquished.

Notes
Turn   | Place    | Note
-------+----------+-------------------------------------------
     0 | D:1      | Morbidden the Demonspawn Conjurer began the quest for the
                  | Orb.
     0 | D:1      | Reached XP level 1. HP: 13/13 MP: 3/3
   232 | D:1      | Gained mutation: Your touch may inflict minor irresistible
                  | damage on your foes. [demonic ancestry]
   232 | D:1      | Reached XP level 2. HP: 20/20 MP: 1/5
   876 | D:1      | Reached skill level 1 in Fighting
  1096 | D:1      | Learned a level 2 spell: Searing Ray
  1289 | D:2      | Reached XP level 3. HP: 26/26 MP: 4/6
  1371 | D:2      | Gained mutation: Your touch may inflict irresistible damage
                  | on your foes. [demonic ancestry]
  1371 | D:2      | Reached XP level 4. HP: 26/32 MP: 2/7
  1474 | D:2      | Reached skill level 1 in Armour
  1933 | D:2      | Noticed Jessica
  1937 | D:2      | Killed Jessica
  1938 | D:2      | Reached skill level 1 in Short Blades
  2296 | D:3      | Gained mutation: You may rarely emit foul miasma when
                  | damaged in melee. [demonic ancestry]
  2296 | D:3      | Reached XP level 5. HP: 38/38 MP: 8/8
  2400 | D:3      | Reached skill level 5 in Conjurations
  2730 | D:3      | Learned a level 4 spell: Iskenderun's Mystic Blast
  3287 | D:4      | Found a runed translucent door.
  3288 | D:4      | Noticed ciphuk's ghost (amateur OpTm)
  3398 | D:4      | You fall into a shaft and drop 3 floors!
  3458 | D:7      | Noticed an orc warrior
  3459 | D:7      | Noticed a steam dragon
  3470 | D:7      | Gained mutation: You are partially covered in sharp spines.
                  | [demonic ancestry]
  3470 | D:7      | Reached XP level 6. HP: 21/44 MP: 10/10
  3475 | D:7      | Killed an orc warrior
  3482 | D:7      | Killed from afar by an orc priest

Illustrated notes

Levels and vault maps discovered:
D:1:      minmay_arrival_up_and_down, layout_basic
D:2:      cheibrodos_fertilizer, layout_basic, mrwooster_statue_mirror,
          uniq_jessica
D:3:      layout_rooms, supply_closet_lemuel
D:4:      minmay_chambers_of_twos, layout_gridville, ebering_ghost_sewer_f
D:7:      layout_cave_pods, mainiacjoe_overflow_tiny_flanked,
          minmay_temple_entry_large_hall, minmay_manual_monstrance

Skill      XL: |  1  2  3  4  5 |
---------------+----------------+-----
Fighting       | 1 2 |  2.2
Armour         | 1 |  1.7
Short Blades   | 1 |  1.8
Stealth        | 2 |  2.2
Conjurations   | 5 |  5.5
Dodging        | 2 |  2.3
Spellcasting   | 3 |  3.7
Unarmed Combat | |  0.1

Action                     |  1- 3 |  4- 6 || total
---------------------------+-------+-------++-------
  Melee: Unarmed           |     8 |       ||     8
         Dagger            |    21 |    17 ||    38
         Touch             |     6 |     7 ||    13
   Cast: Magic Dart        |    40 |    84 ||   124
         Searing Ray       |     2 |     5 ||     7
    Use: Potion            |       |     2 ||     2
   Stab: Sleeping          |     1 |       ||     1
 Armour: Robe              |     8 |     7 ||    15
  Dodge: Dodged            |    18 |    17 ||    35

Table legend: (Time is in decaauts)
 A = Elapsed time spent in this place.
 B = Non-inter-level travel time spent in this place.
 C = Inter-level travel time spent in this place.
 D = Time resting spent in this place.
 E = Time spent auto-exploring this place.
 F = Levels seen in this place.
 G = Mean time per level.
                   A        B        C        D        E       F      G
               +--------+--------+--------+--------+--------+-----+--------+
         Total |   3466 |   3322 |    144 |     28 |   2902 |   5 |  693.2 |
       Dungeon |   3466 |   3322 |    144 |     28 |   2902 |   5 |  693.2 |
               +--------+--------+--------+--------+--------+-----+--------+

Top non-repeatable levels by time:
     D:1: 1230 daAuts
     D:2: 1045 daAuts
     D:3: 623 daAuts
     D:4: 483 daAuts
     D:7: 83 daAuts
